 Dungeon Crawl Stone Soup version 0.20.1-1-g8b1a95d (webtiles) character file.

688 equalderp2856 the Chopper (level 7, -3/61 HPs)
             Began as a Minotaur Fighter on July 26, 2017.
             Slain by Menkaure (10 damage)
             ... on level 5 of the Dungeon.
             The game lasted 00:07:29 (4428 turns).

equalderp2856 the Chopper (Minotaur Fighter)        Turns: 4428, Time: 00:07:30

Health: -3/61      AC:  7    Str: 20 (21) XL:     7   Next: 36%
Magic:  6/6        EV:  8    Int:  2 (5)  God:
Gold:   218        SH:  9    Dex:  8 (11) Spells: 6/6 levels left

rFire    . . .     SeeInvis .   a - +0 war axe
rCold    . . .     Gourm    .   c - +0 shield
rNeg     . . .     Faith    .   b - +0 scale mail
rPois    .         Spirit   .   (helmet restricted)
rElec    .         Reflect  .   (no cloak)
rCorr    .         Harm     .   (no gloves)
MR       .....                  (no boots)
Stlth    ..........             (no amulet)
Regen    0.2/turn               (no ring)
MPRegen  0.1/turn               (no ring)

@: flying
A: retaliatory headbutt, horns 2
a: no special abilities


You were on level 5 of the Dungeon.
You were very hungry.

You visited 1 branch of the dungeon, and saw 5 of its levels.

You collected 218 gold pieces.

Inventory:

Hand Weapons
 a - a +0 war axe (weapon)
 i - a +0 hunting sling
Missiles
 j - 43 sling bullets
 o - 35 arrows
 s - 143 stones (quivered)
Armour
 b - a +0 scale mail (worn)
 c - a +0 shield (worn)
 k - a +0 cloak
 p - a +2 leather armour of fire resistance
Wands
 C - a wand of confusion (11/48)
 F - a wand of acid (7/15)
Scrolls
 l - 2 scrolls of recharging {unknown}
 q - 3 scrolls of identify
 r - a scroll of fear {unknown}
 u - a scroll of amnesia {unknown}
 x - 2 scrolls of remove curse {unknown}
 y - 3 scrolls of teleportation {unknown}
 B - a scroll of random uselessness {unknown}
 E - a scroll of enchant weapon {unknown}
Potions
 d - a potion of might
 h - 3 potions of curing
 m - 2 potions of lignification
 t - a potion of brilliance {unknown}
 v - a potion of cancellation {unknown}
Books
 D - a book of Necromancy

   Spells                             Type                      Level
   a - Pain                           Necromancy                   1
   b - Animate Skeleton               Necromancy                   1
   c - Vampiric Draining              Necromancy                   3
   d - Regeneration                   Charms/Necromancy            3
   e - Animate Dead                   Necromancy                   4
   f - Control Undead                 Necromancy                   4
Comestibles
 f - 3 bread rations
 g - 3 meat rations
 A - 7 fruits


   Skills:
 + Level 5.4 Fighting
 + Level 6.6 Axes
 + Level 5.5 Armour
 + Level 1.6 Dodging
 + Level 0.1 Stealth
 + Level 5.3 Shields


You had 6 spell levels left.
You didn't know any spells.

Dungeon Overview and Level Annotations

Branches:
Dungeon (5/15)             Temple (0/1) D:5

Altars:
Elyvilon
Okawaru
Trog

Annotations:
D:5 Menkaure, Prince Ribbit


Innate Abilities, Weirdness & Mutations

You reflexively headbutt those who attack you in melee.
You have a pair of horns on your head.


Message History

Menkaure calls on the powers of darkness!
Your body is wracked with pain!
* * * LOW HITPOINT WARNING * * *
Prince Ribbit convulses!
Prince Ribbit blinks!
You closely miss Menkaure.
Prince Ribbit disappears!
Menkaure hits you but does no damage. Menkaure barely misses you.
You bump into the rock wall.
You feel less invigorated.
You feel less confused. Menkaure hits you!
* * * LOW HITPOINT WARNING * * *
Okay, then.
You closely miss Menkaure. Menkaure casts a spell at you.
Pain shoots through your body!
* * * LOW HITPOINT WARNING * * *
Menkaure calls on the powers of darkness!
Your body is wracked with pain!
* * * LOW HITPOINT WARNING * * *
Menkaure hits you!
You die...

........##.........# #.#
........##.........# #.#
........##....M....# ..#
........##.........# #######
........##.........###......
........#########.#.F.......
........# #.......#.##.#.###
#M#######.##.#.... #@#
#.##.#.### #.# #.##.#.#..
#.# #.##.#.#.# #.#
#.##.#.#.. #.# #.##.#.###
..# #.# #.# # #.# #.# # ###


You could see Menkaure.

Vanquished Creatures
  A phantom (D:4)
  The ghost of equalderp2856 the Shield-Bearer, an amateur MiFi (D:4)
  An ogre (D:4)
  A crimson imp (D:5)
  3 orc wizards
  2 orc priests
  2 worker ants
  A hound skeleton (D:4)
  4 gnolls (D:3)
  5 adders
  An ooze (D:2)
  A worm (D:3)
  2 dart slugs
  3 leopard geckos
  10 orcs
  5 giant cockroaches
  2 hobgoblins
  6 jackals
  7 kobolds
  5 quokkas
  3 ball pythons
  8 bats
  A frilled lizard (D:2)
  11 goblins
  9 rats
95 creatures vanquished.

Notes
Turn   | Place    | Note
-------+----------+-------------------------------------------
     0 | D:1      | equalderp2856 the Minotaur Fighter began the quest for the Orb.
     0 | D:1      | Reached XP level 1. HP: 19/19 MP: 0/0
   299 | D:1      | Reached XP level 2. HP: 26/27 MP: 1/1
  1068 | D:2      | Reached XP level 3. HP: 32/33 MP: 2/2
  1464 | D:2      | Reached skill level 3 in Axes
  1513 | D:2      | Found an iron altar of Okawaru.
  1817 | D:3      | Found a bloodstained altar of Trog.
  1842 | D:3      | Reached XP level 4. HP: 40/40 MP: 3/3
  2317 | D:3      | Found a white marble altar of Elyvilon.
  2344 | D:3      | Reached skill level 4 in Axes
  2598 | D:3      | Reached XP level 5. HP: 47/47 MP: 4/4
  3099 | D:4      | Noticed a phantom
  3138 | D:4      | Killed a phantom
  3138 | D:4      | Reached skill level 5 in Axes
  3138 | D:4      | Reached skill level 1 in Dodging
  3138 | D:4      | Reached skill level 5 in Shields
  3138 | D:4      | Reached XP level 6. HP: 32/53 MP: 5/5
  3305 | D:4      | Reached skill level 5 in Fighting
  3305 | D:4      | Reached skill level 5 in Armour
  3502 | D:4      | Noticed equalderp2856's ghost (amateur MiFi)
  3519 | D:4      | Killed equalderp2856's ghost
  3519 | D:4      | Reached skill level 6 in Axes
  3551 | D:4      | Reached XP level 7. HP: 50/61 MP: 6/6
  4006 | D:5      | Entered Level 5 of the Dungeon
  4276 | D:5      | Found a staircase to the Ecumenical Temple.
  4389 | D:5      | Noticed Prince Ribbit
  4395 | D:5      | Noticed Menkaure
  4414 | D:5      | HP: 2/61 [Prince Ribbit (6)]
  4428 | D:5      | Slain by Menkaure

Skill      XL: |  1  2  3  4  5  6 |
---------------+-------------------+-----
Armour         | 4 5 |  5.5
Fighting       | 4 5 |  5.4
Shields        | 4 5 |  5.3
Axes           | 3 4 5 6 |  6.6
Dodging        | 1 |  1.6
Stealth        | |  0.1

Action                   |  1- 3 |  4- 6 |  7- 9 || total
-------------------------+-------+-------+-------++-------
Melee: War axe           |    82 |    95 |    42 ||   219
       Headbutt          |    15 |    17 |     4 ||    36
  Use: Potion            |       |       |     5 ||     5
       Scroll            |       |       |     1 ||     1
  Eat: Chunk             |     3 |     3 |     2 ||     8
       Royal jelly       |       |     1 |       ||     1
Armor: Scale mail        |    53 |    42 |    13 ||   108
Dodge: Dodged            |    30 |    29 |    10 ||    69
Block: Shield            |    51 |    61 |    25 ||   137
